 Dungeon Crawl Stone Soup version 0.27.1-34-g3ba077fa99 (webtiles) character file.

Game seed: 14170167672036391447

291 sankara the Shield-Bearer (level 6, 0/39 HPs)
             Began as a Gargoyle Fighter on Jan 17, 2022.
             Slain by a wight (7 damage)
             ... on level 3 of the Dungeon.
             The game lasted 00:09:25 (3190 turns).

sankara the Shield-Bearer (Gargoyle Fighter)        Turns: 3190, Time: 00:09:26

Health: 0/39       AC: 11    Str: 19    XL:     6   Next: 32%
Magic:  6/6        EV:  8    Int: 11    God:
Gold:   151        SH:  9    Dex:  9    Spells: 4/5 levels left

rFire    + . .     SeeInvis .   q - +0 whip
rCold    . . .     Faith    .   c - +0 kite shield
rNeg     + . .     Spirit   .   o - +0 leather armour
rPois    ∞         Reflect  .   (no helmet)
rElec    +         Harm     .   u - scarf {+Inv}
rCorr    .         Rampage  .   (no gloves)
Will     .....                  (no boots)
Stlth    +.........             (no amulet)
HPRegen  0.13/turn              f - +4 ring of protection
MPRegen  0.10/turn              p - ring of protection from fire

@: very slightly contaminated, invisible
A: sickness immunity, AC +4, negative energy resistance 1, electricity
resistance, torment resistance 1, petrification resistance
a: Evoke Invisibility


You were on level 3 of the Dungeon.
You visited 1 branch of the dungeon, and saw 4 of its levels.

You collected 151 gold pieces.

Inventory:

Hand Weapons
 a - a +0 flail
 h - a +0 dagger of venom
 m - a +0 morningstar
 q - a +0 whip (weapon)
Missiles
 e - 53 stones
 j - 27 poisoned darts (quivered)
 n - 5 boomerangs of dispersal
 s - 6 curare-tipped darts
 x - 22 sling bullets
Armour
 b - a +0 scale mail
 c - a +0 kite shield (worn)
 o - a +0 leather armour (worn)
 u - a scarf of invisibility (worn)
Jewellery
 f - a +4 ring of protection (left hand)
 p - a ring of protection from fire (right hand)
 t - a ring of resist corrosion
Scrolls
 g - a scroll of enchant weapon {unknown}
 i - 2 scrolls of magic mapping {unknown}
 l - a scroll of immolation {unknown}
 w - a scroll of fog {unknown}
 y - a scroll of teleportation {unknown}
Potions
 d - a potion of might
 k - 2 potions of heal wounds
 v - a potion of resistance {unknown}
 z - a potion of attraction {unknown}


   Skills:
 + Level 4.3 Fighting
 * Level 4.2 Maces & Flails
 + Level 0.7 Throwing
 + Level 4.3 Armour
 + Level 4.3 Shields
 + Level 0.6 Necromancy
 + Level 0.0 Evocations


You had 4 spell levels left.
You knew the following spells:

 Your Spells              Type           Power      Damage    Failure   Level
a - Animate Skeleton      Necr           2%         N/A       77%         1

Your spell library contained the following spells:

 Spells                   Type           Power      Damage    Failure   Level
 Apportation              Tloc           0%         N/A       86%         1
 Corona                   Hex            0%         N/A       86%         1
 Summon Small Mammal      Summ           0%         N/A       86%         1


Dungeon Overview and Level Annotations

Branches:
Dungeon (4/15)
 Temple: D:4-7

Altars:
Xom


Innate Abilities, Weirdness & Mutations

You are immune to sickness and miasma.
Your stone body is resilient. (AC +4)
You are immune to poison.
You resist negative energy. (rN+)
You are resistant to electric shocks. (rElec)
You are resistant to unholy torment.
You are immune to petrification.


Message History

Found a mace.
You see here a +0 ring mail.
Found 14 gold pieces.
Found a short sword.
You now have 151 gold pieces (gained 14). 2 wights come into view.
A wight is wielding a +3 great sword of freezing.
It was a potion of invisibility.
You fade into invisibility!
You are very lightly contaminated with residual magic.
You block the wight's attack.
You hit the wight but do no damage. You block the wight's attack.
You hit the wight but do no damage. You block the wight's attack.
The wight barely misses you. You block the wight's attack.
You hit the wight but do no damage.
The wight hits you with a +3 great sword of freezing.
The wight freezes you.
The wight hits you with a +5 great sword!
You hit the wight.
The wight is moderately damaged.
The wight hits you with a +3 great sword of freezing!
* * * LOW HITPOINT WARNING * * *
The wight freezes you.
* * * LOW HITPOINT WARNING * * *
You block the wight's attack.
Okay, then.
There is a stone staircase leading up here.
You block the wight's attack.
You climb upwards.
There is a stone staircase leading down here.
You hit the wight.
The wight is lightly damaged.
The wight hits you with a +3 great sword of freezing.
* * * LOW HITPOINT WARNING * * *
The wight freezes you.
* * * LOW HITPOINT WARNING * * *
You hit the wight.
The wight is moderately damaged.
The wight hits you with a +3 great sword of freezing!
You die...

.#....................###.##..#
...#.#######..##.............##
##........................####
#.#.##.#.###.#...#########
#.#.#..#.#........#
#.#.#.............#
##.#.#..#.####.....#
)..#.##<#........z.#
..#######.......@..#
....≈≈≈...######...#
..######### ##### ..# ..## ...#
.^.# ...# ####


You could see a wight.

Vanquished Creatures
  Sigmund (D:2)
  Terence (D:3)
  2 orc wizards (D:3)
  An adder (D:2)
  A worm (D:3)
  A dart slug (D:1)
  3 orcs (D:3)
  5 ball pythons
  5 bats
  6 endoplasms
  2 giant cockroaches
  2 goblins
  6 hobgoblins
  8 kobolds
  3 quokkas
  2 frilled lizards
  A rat (D:1)
50 creatures vanquished.

Notes
Turn   | Place    | Note
-------+----------+-------------------------------------------
     0 | D:1      | sankara the Gargoyle Fighter began the quest for the Orb.
     0 | D:1      | Reached XP level 1. HP: 14/14 MP: 1/1
    56 | D:1      | Reached XP level 2. HP: 16/19 MP: 2/2
   252 | D:1      | Learned a level 1 spell: Animate Skeleton
   385 | D:1      | Found a faded altar of an unknown god.
   655 | D:1      | Reached XP level 3. HP: 23/23 MP: 3/3
   953 | D:2      | Noticed Sigmund
   965 | D:2      | Killed Sigmund
   966 | D:2      | Reached XP level 4. HP: 7/29 MP: 4/4
   966 | D:2      | Reached XP level 5. HP: 8/33 MP: 5/5
  1694 | D:3      | Noticed Terence
  1729 | D:3      | Killed Terence
  1730 | D:3      | Reached XP level 6. HP: 8/38 MP: 6/6
  2859 | D:3      | Found a shimmering altar of Xom.
  2861 | D:3      | Found a broken altar of Ashenzari.
  2861 | D:3      | Found a stormy altar of Qazlal.
  2863 | D:3      | Found a white marble altar of Elyvilon.
  2863 | D:3      | Found a sparkling altar of Nemelex Xobeh.
  2863 | D:3      | Found a radiant altar of Vehumet.
  3190 | D:3      | Slain by a wight

Illustrated notes

Levels and vault maps discovered:
D:1:      erik_arrival_orb_chamber, layout_basic,
          chequers_ecumenical_altar_simple, minmay_misc_feat_room,
          minmay_misc_feat_columns, hangedman_abyss_or_decor_stabs,
          minmay_surrounded
D:2:      layout_basic, chequers_serial_rivers_micro_c, uniq_sigmund
D:3:      layout_basic, doesnt_xom_only_xom, corexii_corridor_pit,
          grunt_decor_fettered, item_on_display_a, uniq_terence
D:4:      layout_loops_ring, minmay_temple_entry_statues_pillars,
          kennysheep_generic_room_10

Skill      XL: |  1  2  3  4  5 |
---------------+----------------+-----
Fighting       | 4 |  4.3
Maces & Flails | 3 4 |  4.2
Armour         | 4 |  4.3
Shields        | 4 |  4.3
Throwing       | |  0.7
Necromancy     | |  0.6

Action                   |  1- 3 |  4- 6 || total
-------------------------+-------+-------++-------
Melee: Flail             |   101 |    24 ||   125
       Whip              |       |   125 ||   125
Throw: Dart              |       |     4 ||     4
 Cast: Animate Skeleton  |       |     1 ||     1
  Use: Potion            |     1 |     2 ||     3
Armor: Scale mail        |    63 |     4 ||    67
       Leather armour    |       |    70 ||    70
Dodge: Dodged            |    30 |    34 ||    64
Block: Kite shield       |    46 |    74 ||   120
